 Dungeon Crawl Stone Soup version 0.22.0-38-g04b72b8 (webtiles) character file.

5482 Lew the Severer (level 10, 0/81 HPs)
             Began as a Minotaur Fighter on Aug 30, 2018.
             Was a High Priest of Okawaru.
             Slain by a hornet (15 damage)
             ... on level 8 of the Dungeon.
             The game lasted 00:16:17 (6865 turns).

Lew the Severer (Minotaur Fighter)                  Turns: 6865, Time: 00:16:18

Health: 0/81       AC: 10    Str: 25    XL:     10   Next: 42%
Magic:  8/8        EV: 10    Int:  5    God:    Okawaru [*****.]
Gold:   74         SH: 10    Dex:  9    Spells: 9/9 levels left

rFire    . . .     SeeInvis .   z - +1 whip (elec)
rCold    + . .     Gourm    .   c - +0 shield
rNeg     . . .     Faith    .   b - +0 scale mail
rPois    +         Spirit   .   (helmet restricted)
rElec    .         Reflect  .   K - +2 cloak
rCorr    .         Harm     +   (no gloves)
MR       .....                  (no boots)
Stlth    ..........             s - amulet of harm
HPRegen  0.23/turn              p - ring of poison resistance
MPRegen  0.11/turn              y - ring of protection from cold

@: no status effects
A: retaliatory headbutt, horns 2, low mp 1
a: Heroism, Finesse, Renounce Religion


You were on level 8 of the Dungeon.
You worshipped Okawaru.
Okawaru was extremely pleased with you.
You were not hungry.

You visited 2 branches of the dungeon, and saw 9 of its levels.
You visited the Abyss 1 time.
You also visited: Ossuary.

You collected 223 gold pieces.
You spent 149 gold pieces at shops.

Inventory:

Hand Weapons
 a - a +0 war axe
 z - a +1 whip of electrocution (weapon)
 C - a +1 whip of chaos
 L - a +0 short sword of distortion
Missiles
 I - a javelin of penetration (quivered)
Armour
 b - a +0 scale mail (worn)
 c - a +0 shield (worn)
 K - a +2 cloak (worn)
Jewellery
 p - a ring of poison resistance (left hand)
 s - an amulet of harm (around neck)
 x - an uncursed amulet of magic regeneration
 y - a ring of protection from cold (right hand)
Wands
 o - a wand of paralysis (9)
 J - a wand of iceblast (1)
Scrolls
 g - 3 scrolls of magic mapping
 h - 3 scrolls of blinking
 i - a scroll of amnesia
 k - 5 scrolls of remove curse
 l - 8 scrolls of teleportation
 q - 2 scrolls of fog
 t - 2 scrolls of enchant armour
 G - a scroll of silence
Potions
 d - a potion of might
 e - 4 potions of lignification
 j - 2 potions of haste
 m - a potion of berserk rage {unknown}
 n - a potion of degeneration {unknown}
 r - a potion of resistance {unknown}
 u - 6 potions of curing
 v - 3 potions of cancellation
 w - a potion of mutation {unknown}
 A - a potion of heal wounds {unknown}
 D - a potion of flight {unknown}
 E - a potion of magic {unknown}
 F - a potion of brilliance {unknown}
 H - a potion of agility {unknown}
Comestibles
 f - 13 rations


   Skills:
 - Level 5.0 Fighting
 * Level 15.7 Axes
 - Level 5.0 Armour
 - Level 5.0 Dodging
 - Level 5.0 Shields


You had 9 spell levels left.
You didn't know any spells.
Your spell library contained the following spells:

 Spells                   Type           Power        Failure   Level  Hunger
 Animate Skeleton         Necr           N/A          99%         1    ##.....
 Apportation              Tloc           #.....       99%         1    ##.....
 Beastly Appendage        Tmut           #.....       99%         1    ##.....
 Confusing Touch          Hex            #.....       99%         1    ##.....
 Summon Small Mammal      Summ           #...         99%         1    ##.....
 Call Imp                 Summ           #.......     100%        2    ###....
 Sticks to Snakes         Tmut           #.......     100%        2    ###....
 Call Canine Familiar     Summ           #.......     100%        3    ####...
 Spider Form              Tmut/Pois      #.........   100%        3    ####...
 Summon Guardian Golem    Hex/Summ       #.......     100%        3    ####...
 Ice Form                 Ice/Tmut       #.......     100%        4    #####..
 Summon Ice Beast         Ice/Summ       #.......     100%        4    #####..
 Summon Lightning Spire   Summ/Air       #.......     100%        4    #####..
 Blade Hands              Tmut           #.........   100%        5    ######.


Dungeon Overview and Level Annotations

Branches:
Dungeon (8/15)             Temple (1/1) D:4
   Lair: D:8-11

Altars:
Ashenzari
Cheibriados
Dithmenos
Elyvilon
Fedhas
Gozag
Hepliaklqana
Kikubaaqudgha
Makhleb
Nemelex Xobeh
Okawaru
Qazlal
Ru
Sif Muna
Trog
Vehumet
Xom
Yredelemnul
Zin
The Shining One

Shops:
D:7 ?


Innate Abilities, Weirdness & Mutations

You reflexively headbutt those who attack you in melee.
You have a pair of horns on your head.
Your magical capacity is low. (-10% MP)


Message History

You hit the hornet. Lightning courses through the hornet!
The hornet is severely wounded.
The hornet stings you.
You hit the hornet.
The hornet is almost dead.
The hornet stings you but does no damage.
Your shield and scale mail prevent you from hitting the hornet.
The hornet is almost dead.
The hornet stings you but does no damage.
You closely miss the hornet.
The hornet is almost dead.
The hornet stings you!
* * * LOW HITPOINT WARNING * * *
You hit the hornet but do no damage. Your headbutt misses the hornet.
The hornet is almost dead.
The hornet closely misses you.
You miss the hornet.
The hornet is almost dead.
The hornet stings you!
You die...

#.#
##..≈..≈≈.
#.# #...#
#.###..##
#.##.≈##
#.##.##
#(#..#
#.#.##
#.).#
###@# #
#y##.##
#lc...#
##o##..#
#.≈ ...
##.. $ ...
#(.≈ .≈..


You could see a hornet, a centaur, an iguana and an orc.

Vanquished Creatures
  The ghost of Zookeeper the Slicer, a novice DsAr of Nemelex Xobeh (D:7)
  Joseph (D:8)
  A kobold demonologist (D:7)
  Grinder (D:6)
  A hippogriff (D:6)
  A ynoxinul (Abyss:2)
  Eustachio (D:6)
  A wyvern (D:8)
  A spatial vortex (D:7)
  2 sky beasts (D:6)
  A phantom (D:6)
  An orc warrior (D:6)
  4 ogres
  4 centaurs
  7 big kobolds (D:7)
  4 bullfrogs
  2 scorpions
  A howler monkey (D:4)
  3 crimson imps
  6 bullfrog zombies (Ossuary)
  A centaur zombie (D:5)
  3 hounds
  3 jellies
  Crazy Yiuf (D:6)
  3 bullfrog skeletons
  3 orc priests
  7 orc wizards
  Jessica (D:3)
  3 iguanas (D:8)
  7 worker ants
  2 hound zombies
  15 mummies (Ossuary)
  A howler monkey zombie (Ossuary)
  4 worker ant zombies (Ossuary)
  A howler monkey skeleton (D:7)
  9 adders
  4 shadow imps
  An ooze (D:1)
  5 adder zombies (Ossuary)
  2 adder skeletons
  4 worms
  2 dart slugs (D:1)
  6 leopard geckos
  21 orcs
  10 bats
  7 giant cockroaches
  8 goblins
  6 hobgoblins
  7 jackals
  4 quokkas
  A ball python (D:3)
  A ball python skeleton (D:5)
  5 frilled lizards
  3 giant cockroach zombies (Ossuary)
  A jackal skeleton (D:6)
  A kobold (D:3)
  5 quokka zombies
  5 rats
217 creatures vanquished.

Vanquished Creatures (others)
  A human (D:5)
  A goblin (D:3)
  2 plants (D:7)
  A withered plant (Ossuary)
5 creatures vanquished.

Grand Total: 222 creatures vanquished

Notes
Turn   | Place    | Note
-------+----------+-------------------------------------------
     0 | D:1      | Lew the Minotaur Fighter began the quest for the Orb.
     0 | D:1      | Reached XP level 1. HP: 19/19 MP: 0/0
   128 | D:1      | Reached XP level 2. HP: 27/27 MP: 1/1
   255 | D:1      | Reached skill level 1 in Dodging
   324 | D:1      | Reached XP level 3. HP: 25/33 MP: 2/2
   559 | D:2      | Reached skill level 3 in Axes
   771 | D:2      | Reached XP level 4. HP: 40/40 MP: 3/3
  1098 | D:3      | Noticed Jessica
  1101 | D:3      | Killed Jessica
  1125 | D:3      | Reached XP level 5. HP: 46/47 MP: 4/4
  1361 | D:3      | Found a sparkling altar of Nemelex Xobeh.
  1498 | D:3      | Reached skill level 4 in Axes
  1913 | D:3      | Reached XP level 6. HP: 48/55 MP: 5/5
  2587 | D:4      | Reached skill level 5 in Fighting
  2587 | D:4      | Reached skill level 5 in Armour
  2601 | D:4      | Reached skill level 5 in Shields
  2646 | D:4      | Found a staircase to the Ecumenical Temple.
  2679 | Temple   | Entered the Ecumenical Temple
  2953 | D:4      | Reached skill level 5 in Axes
  2953 | D:4      | Reached XP level 7. HP: 61/61 MP: 6/6
  3311 | D:5      | Entered Level 5 of the Dungeon
  3334 | D:5      | Found a basalt altar of Yredelemnul.
  3334 | D:5      | Found a shimmering altar of Xom.
  3335 | D:5      | Found a white marble altar of Elyvilon.
  3335 | D:5      | Found an iron altar of Okawaru.
  3341 | D:5      | Became a worshipper of Warmaster Okawaru
  3434 | D:5      | Found an ancient bone altar of Kikubaaqudgha.
  3480 | D:5      | Reached skill level 6 in Axes
  3534 | D:5      | Found a stormy altar of Qazlal.
  3685 | D:5      | Reached skill level 7 in Axes
  3688 | D:5      | Found an ancient bone altar of Kikubaaqudgha.
  3691 | D:5      | Noticed a human
  3694 | D:5      | Killed a human
  3722 | D:5      | Found a sand-covered staircase.
  3731 | Ossuary  | Entered an ossuary
  3743 | Ossuary  | Reached skill level 5 in Dodging
  3943 | Ossuary  | Reached XP level 8. HP: 66/68 MP: 7/7
  3954 | Ossuary  | Reached * piety under Okawaru
  4002 | Ossuary  | Reached skill level 8 in Axes
  4066 | Ossuary  | Reached skill level 9 in Axes
  4480 | D:6      | Reached skill level 10 in Axes
  4500 | D:6      | Noticed Eustachio
  4524 | D:6      | Killed Eustachio
  4556 | D:6      | Reached ** piety under Okawaru
  4563 | D:6      | Reached skill level 11 in Axes
  4631 | D:6      | Noticed a hippogriff
  4642 | D:6      | Reached XP level 9. HP: 47/74 MP: 8/8
  4670 | D:6      | Reached skill level 12 in Axes
  4682 | D:6      | Noticed Grinder
  4889 | D:6      | Reached *** piety under Okawaru
  4898 | D:6      | Killed Grinder
  5000 | D:6      | Received a gift from Okawaru
  5473 | D:6      | Found a runed door.
  5477 | D:6      | Noticed Crazy Yiuf
  5483 | D:6      | Killed Crazy Yiuf
  5483 | D:6      | Reached skill level 13 in Axes
  5537 | D:7      | Found Uzus Ut Gyst's Magic Scroll Emporium.
  5552 | D:7      | Bought a scroll of identify for 26 gold pieces
  5552 | D:7      | Bought a scroll of remove curse for 39 gold pieces
  5552 | D:7      | Bought a scroll of teleportation for 39 gold pieces
  5552 | D:7      | Bought a scroll of magic mapping for 45 gold pieces
  5760 | D:7      | Found a hazy altar of Hepliaklqana.
  6003 | D:7      | Found a runed gate.
  6004 | D:7      | Noticed a kobold demonologist
  6004 | D:7      | Noticed Zookeeper's ghost (novice DsAr)
  6005 | D:7      | Found a runed gate.
  6005 | D:7      | Found a runed gate.
  6064 | D:7      | Reached **** piety under Okawaru
  6067 | D:7      | Reached skill level 14 in Axes
  6071 | D:7      | Killed Zookeeper's ghost
  6071 | D:7      | Killed a kobold demonologist
  6071 | D:7      | Reached XP level 10. HP: 80/81 MP: 9/9
  6075 | D:7      | Reached skill level 15 in Axes
  6313 | D:7      | Cast into level 2 of the Abyss (a distortion unwield)
  6313 | Abyss:2  | Found a corrupted altar of Lugonu.
  6360 | Abyss:2  | Noticed an orange demon
  6372 | Abyss:2  | Reached ***** piety under Okawaru
  6383 | Abyss:2  | Noticed a thrashing horror
  6383 | Abyss:2  | Noticed a thrashing horror
  6385 | D:7      | Escaped the Abyss
  6545 | D:7      | Gained mutation: Your magical capacity is low. (-10% MP) [mutagenic glow]
  6766 | D:8      | Found a radiant altar of Vehumet.
  6814 | D:8      | Noticed Joseph
  6834 | D:8      | Killed Joseph
  6865 | D:8      | Slain by a hornet

Skill      XL: |  1  2  3  4  5  6  7  8  9 10 |
---------------+-------------------------------+-----
Dodging        | 1 2 3 5 |  5.0
Fighting       | 4 5 |  5.0
Armour         | 4 5 |  5.0
Shields        | 4 5 |  5.0
Axes           | 3 4 5 7 11 14 15 | 15.7

Action                   |  1- 3 |  4- 6 |  7- 9 | 10-12 || total
-------------------------+-------+-------+-------+-------++-------
Melee: War axe           |    99 |   113 |    16 |       ||   228
       Headbutt          |     7 |    26 |    82 |    18 ||   133
       Whip              |       |       |   366 |    68 ||   434
       Short sword       |       |       |       |    12 ||    12
Throw: Javelin           |       |       |     2 |       ||     2
Evoke: Wand              |       |       |     6 |     3 ||     9
  Use: Scroll            |       |       |    13 |     1 ||    14
  Eat: Chunk             |       |     3 |     3 |       ||     6
       Ration            |       |     1 |     2 |     1 ||     4
Armor: Scale mail        |    62 |    41 |    94 |    19 ||   216
Dodge: Dodged            |    44 |    46 |   120 |    17 ||   227
Block: Shield            |    65 |    58 |   152 |    27 ||   302
